 Dungeon Crawl Stone Soup version 0.17-a0-2074-gaf3f87d (webtiles) character file.

1016613 Maka the Invulnerable (level 27, -13/273 HPs)
             Began as a Minotaur Fighter on Oct 14, 2015.
             Was the Champion of the Shining One.
             Killed from afar by a Brimstone Fiend (39 damage)
             ... with a blast of hellfire
             ... in Pandemonium on Oct 15, 2015.
             The game lasted 04:56:00 (85009 turns).

Maka the Invulnerable (Minotaur Fighter)           Turns: 85009, Time: 04:56:00

Health: -13/273    AC: 51    Str: 32      XL:     27
Magic:  31/31      EV: 35    Int:  4 (7)  God:    the Shining One [******]
Gold:   7740       SH: 29    Dex: 24      Spells: 0 memorised, 26 levels left

rFire  + + +     SeeInvis .     a - +9 broad axe (holy)
rCold  + + +     Clarity  .     A - +12 gold dragon armour
rNeg   + + +     SustAt   .     O - +0 large shield {rF+}
rPois  +         Gourm    .     y - +2 hat
rElec  +         Spirit   .     Q - +2 cloak of Starlight {rElec rC+ EV+4 Stlth--}
rCorr  .         Warding  .     B - +0 pair of gloves of the Quahog {Regen+ Int+2}
rMut   +         Stasis   .     c - +2 pair of boots of the Camelopard {rC+ Stlth+}
MR     +++..                    t - amulet of the Sky {rMut Str+3}
Stlth  ..........               i - ring "Vitwip" {rN+ MR+ Str+4 Dex+2 Stlth-}
                                h - ring "Gitan" {rF+ Dex+3}

@: glowing, extremely resistant to hostile enchantments, extremely unstealthy
A: retaliatory headbutt, horns 2, low mp 2
a: Divine Shield, Cleansing Flame, Summon Divine Warrior, Renounce Religion
}: 7/15 runes: decaying, serpentine, slimy, silver, demonic, fiery, dark


You were in Pandemonium.
You worshipped the Shining One.
The Shining One was exalted by your worship.
You were not hungry.

You visited 14 branches of the dungeon, and saw 66 of its levels.
You visited Pandemonium 1 time, and saw 45 of its levels.
You visited the Abyss 3 times.
You also visited: Labyrinth and Wizlab.

You collected 12458 gold pieces.
You spent 4718 gold pieces at shops.

Inventory:

Hand Weapons
 a - a +9 broad axe of holy wrath (weapon)
 w - the +6 Sword of Cerebov (quivered) {flame}
   (You took it off Cerebov in Pandemonium)

   It has been specially enchanted to burn those struck by it, causing extra
   injury to most foes and up to half again as much damage against particularly
   susceptible opponents.
   Big, fiery blades are also staple armaments of hydra-hunters.
   The Shining One disapproves of the use of such an item.
Armour
 c - the +2 pair of boots of the Camelopard (worn) {rC+ Stlth+}
   (Okawaru gifted it to you on level 4 of the Snake Pit)

   It protects you from cold.
   It makes you more stealthy.
 s - the +5 shield "Itsod" {rCorr}
   (You acquired it on level 4 of the Snake Pit)

   It protects you from acid and corrosion.
 y - a +2 hat (worn)
 A - a +12 gold dragon armour (worn)
 B - the +0 pair of gloves of the Quahog (worn) {Regen+ Int+2}
   (You found it in a labyrinth)

   It affects your intelligence (+2).
   It increases your rate of regeneration.
 M - the +4 pair of gloves of the Nine Dances {Str+4}
   (Okawaru gifted it to you on level 2 of the Vaults)

   It affects your strength (+4).
 O - a +0 large shield of fire resistance (worn)
 Q - the +2 cloak of Starlight (worn) {rElec rC+ EV+4 Stlth--}
   (You bought it in a shop on level 2 of the Orcish Mines)

   It affects your evasion (+4).
   It protects you from cold.
   It insulates you from electricity.
   It makes you much less stealthy.
Jewellery
 h - the ring "Gitan" (left hand) {rF+ Dex+3}
   (You found it on level 4 of the Lair of Beasts)

   [ring of protection from fire]

   It affects your dexterity (+3).
   It protects you from fire.
 i - the ring "Vitwip" (right hand) {rN+ MR+ Str+4 Dex+2 Stlth-}
   (You found it on level 3 of the Crypt)

   [ring of positive energy]

   It affects your strength (+4).
   It affects your dexterity (+2).
   It protects you from negative energy.
   It affects your resistance to hostile enchantments.
   It makes you less stealthy.
 k - an uncursed ring of protection from magic
 t - the amulet of the Sky (around neck) {rMut Str+3}
   (You took it off an angel in Pandemonium)

   [amulet of resist mutation]

   It protects you from mutation.
   It affects your strength (+3).
 x - an uncursed ring of flight
 F - a +5 ring of slaying
 J - an uncursed amulet of clarity
 R - the ring "Talainep" {Int+5 Dex+3 Slay+3}
   (You found it on level 4 of the Realm of Zot)

   [ring of slaying]

   It affects your intelligence (+5).
   It affects your dexterity (+3).
   It affects your accuracy and damage with ranged weapons and melee attacks
   (+3).
Wands
 H - a wand of disintegration (4)
 L - a wand of digging (18)
 T - a wand of hasting (5)
 U - a wand of hasting (8)
 V - a wand of teleportation (6)
 W - a wand of teleportation (6)
 X - a wand of teleportation (9)
 Y - a wand of teleportation (7)
 Z - a wand of teleportation (9)
Scrolls
 b - a scroll of summoning
 g - 26 scrolls of teleportation
 o - 6 scrolls of holy word
 p - 4 scrolls of magic mapping
 q - 38 scrolls of remove curse
 r - 3 scrolls of recharging
 u - 6 scrolls of fear
 z - 13 scrolls of blinking
 E - 6 scrolls of enchant armour
 I - 3 scrolls of enchant weapon
 N - 11 scrolls of fog
 P - 4 scrolls of silence
 S - 27 scrolls of identify
Potions
 d - 3 potions of might
 j - 21 potions of curing
 l - 8 potions of cure mutation
 m - 12 potions of heal wounds
 n - 4 potions of cancellation
 C - 8 potions of resistance
 D - 8 potions of agility
 G - 5 potions of berserk rage
 K - 8 potions of haste
Comestibles
 e - 35 bread rations
 f - 38 meat rations


   Skills:
 O Level 27 Fighting
 O Level 27 Axes
 O Level 27 Armour
 O Level 27 Dodging
 O Level 27 Shields
 O Level 27 Invocations
 + Level 11.1 Evocations


You had 26 spell levels left.
You didn't know any spells.

Dungeon Overview and Level Annotations

Branches:
Dungeon (15/15)            Temple (1/1) D:5            Lair (8/8) D:10
  Swamp (4/4) Lair:5        Snake (4/4) Lair:6        Slime (6/6) Lair:8
    Orc (4/4) D:12            Elf (3/3) Orc:4        Vaults (5/5) D:14
  Crypt (3/3) Vaults:3       Tomb (0/3) Crypt:3      Depths (5/5) D:15
   Hell (1/1)                 Dis (0/7) Hell            Geh (0/7) Hell
    Coc (0/7) Hell            Tar (2/7) Hell            Zot (5/5) Depths:5

Altars:
Ashenzari
Cheibriados
Dithmenos
Elyvilon
Gozag
Kikubaaqudgha
Makhleb
Nemelex Xobeh
Okawaru
Qazlal
Ru
Sif Muna
Trog
Vehumet
Xom
Yredelemnul
Zin
The Shining One
Beogh
Lugonu

Shops:
D:6 !   D:10 *   D:11 }   Orc:2 !*(   Orc:4 *:![(   Snake:2 %   Vaults:1 ?
Vaults:2 (   Vaults:5 [   Depths:4 [**

Portals:
Hell: Depths:1 Depths:2 Depths:3 Depths:4 Depths:5
Abyss: Depths:1 Depths:2 Depths:4
Pandemonium: Orc:4 Depths:2 Depths:3
Ziggurat: Depths:5

Annotations:
D:7 Clownie's ghost, novice SpCj
D:9 aliceinspace's ghost, novice GrWz
Lair:1 exclusion: oklob plant
Elf:2 3 runed doors


Innate Abilities, Weirdness & Mutations

You reflexively headbutt those who attack you in melee.
You have a pair of horns on your head.
Your magical capacity is very low (-20% MP).


Message History

The Brimstone Fiend gestures at you.
The hellfire explodes!
The blast of hellfire engulfs you!
* * * LOW HITPOINT WARNING * * *
The Ice Fiend gestures at you. The bolt of cold misses you.
You hear a roar!
You hear a chilling moan.
A sun demon comes into view.
The Brimstone Fiend calls on the powers of darkness!
Your body is wracked with pain!
* * * LOW HITPOINT WARNING * * *
The Ice Fiend calls on the powers of darkness!
Your body is wracked with pain!
* * * LOW HITPOINT WARNING * * *
A smoke demon comes into view.
You slash the Brimstone Fiend!
The Brimstone Fiend convulses!
You headbutt the Brimstone Fiend!
The Brimstone Fiend is heavily wounded.
The Brimstone Fiend gestures at you.
The hellfire explodes!
The blast of hellfire engulfs you!
You die...

###.......
#.....................
###.....................
.....................3..
....................s1.3
........................
.∩......................
##...............1......
##..............@......#
.......................#
........................
#.......................
#................####...
#..####..#####...# ..
#..# #..# #...# . #..#
#..# #...# #..# #..#
#...#


You could see a Brimstone Fiend, an Ice Fiend, a demonic crawler, a sun demon
and a smoke demon.

Vanquished Creatures
  Cerebov (Pan)
  the royal jelly (Slime:6)
  Gloorx Vloq (Pan)
  A seraph (Pan)
  13 pandemonium lords (Pan)
  9 ancient liches
  Khufu (Crypt:3)
  7 orbs of fire
  Mennas (Pan)
  2 juggernauts (Depths:2)
  Sojobo (Vaults:3)
  Frederick (Crypt:2)
  Margery (Vaults:1)
  3 curse toes
  6 Killer Klowns
  Geryon (Hell)
  9 golden dragons
  A profane servitor (Crypt:3)
  5 electric golems
  2 pearl dragons (Pan)
  9 liches
  3 bone dragons
  8 Brimstone Fiends (Pan)
  Jorgrun (Depths:5)
  8 Hell Sentinels (Pan)
  25 Orb Guardians (Zot:5)
  16 titans
  20 tentacled monstrosities
  3 Ice Fiends (Pan)
  5 Shadow Fiends
  4 deep elf blademasters
  5 quicksilver dragons
  7 deep elf master archers
  19 acid blobs
  44 Executioners
  An acid blob (shapeshifter) (Depths:4)
  An eldritch tentacle (Pan)
  4 ancient champions
  6 death cobs
  2 tentacled starspawn (Abyss:1)
  9 sphinxes
  Agnes (Snake:4)
  7 tengu reavers
  3 thorn hunters (Swamp:4)
  The ghost of Xuu the Executioner, an adept FoFi of Ru (Swamp:1)
  14 shadow dragons
  4 draconian monks
  21 storm dragons
  19 daevas (Pan)
  2 revenants (Crypt:3)
  26 frost giants
  2 orc warlords
  25 fire giants
  2 draconian knights
  9 greater nagas (Snake:4)
  7 azure jellies
  7 iron dragons
  8 deep elf sorcerers
  2 ghost moths
  3 curse skulls
  4 draconian scorchers
  13 cacodemons (Pan)
  2 emperor scorpions (shapeshifter) (Zot:2)
  10 vault wardens
  34 balrugs
  A draconian shifter (Depths:5)
  33 angels (Pan)
  A spriggan defender (Depths:4)
  A draconian zealot (Zot:4)
  22 reapers
  19 warmongers (Pan)
  14 ironheart preservers
  12 ghouls
  4 salamander firebrands
  37 stone giants
  18 very ugly things
  3 war gargoyles (Vaults:5)
  A draconian caller (Zot:3)
  26 apis (Pan)
  8 vampire knights
  15 blood saints (Pan)
  15 ophanim (Pan)
  15 corrupters (Pan)
  A black draconian (shapeshifter) (Zot:2)
  6 black draconians
  11 deep elf demonologists
  7 green draconians
  16 lorocyprocas
  4 white draconians
  4 deep elf annihilators
  Azrael (Depths:1)
  10 chaos champions (Pan)
  A salamander stormcaller (Vaults:5)
  11 red draconians
  6 mottled draconians
  2 red draconians (shapeshifter) (Zot:2)
  25 black suns (Pan)
  6 yellow draconians
  4 purple draconians
  31 blizzard demons (Pan)
  24 ettins
  9 deep elf death magi
  6 minotaurs
  A merfolk impaler (Depths:5)
  2 quicksilver dragon zombies (Tar:1)
  7 green deaths (Pan)
  2 mummy priests (Crypt:3)
  10 death oozes (Slime:6)
  34 vault guards
  2 crystal guardians
  18 yaktaur captains
  25 jiangshi
  17 great orbs of eyes
  19 fire dragons
  4 deep elf high priests
  Harold (Orc:3)
  20 naga warriors
  7 entropy weavers
  17 ice dragons
  5 spriggan air magi
  17 monstrous demonspawn (Pan)
  21 hydras
  3 hell beasts
  3 ghost crabs
  7 rakshasas
  2 catoblepae
  8 anacondas
  6 death knights
  14 ogre magi
  2 dancing weapons (Elf:2)
  11 centaur warriors
  3 death yaks
  6 vampire magi
  10 deep troll earth magi
  9 alligators
  2 thrashing horrors (Abyss:1)
  A spectral dire elephant (Crypt:3)
  2 tengu warriors
  13 deep troll shamans
  5 orc high priests (Orc:4)
  16 naga sharpshooters
  Urug (Lair:3)
  2 hell hogs (Hell)
  3 spriggan berserkers
  21 deep elf knights
  2 storm dragon zombies
  6 shock serpents
  70 sun demons
  Sonja (Lair:4)
  A quicksilver dragon simulacrum (Crypt:1)
  Nergalle (D:12)
  14 iron trolls
  A wretched star (Abyss:1)
  8 sea snakes (Snake:4)
  9 wizards
  37 soul eaters
  39 skeletal warriors
  A golden dragon zombie (Tar:1)
  14 hell knights
  11 shadow wraiths
  A salamander mystic (Snake:3)
  6 unseen horrors
  6 giant orange brains
  8 flayed ghosts
  16 shadow demons
  18 swamp dragons
  2 lindwurms (shapeshifter)
  10 cherubim (Pan)
  37 deep trolls
  5 naga ritualists
  32 ice devils
  2 anaconda skeletons
  13 infernal demonspawn
  21 gelid demonspawn (Pan)
  9 deep elf summoners
  16 torturous demonspawn
  3 ice statues
  A hill giant (shapeshifter) (Vaults:4)
  3 tengu zombies
  10 phantasmal warriors
  A lindwurm (Lair:6)
  A wolf spider zombie (Crypt:1)
  4 shambling mangroves
  A spectral wolf spider (Crypt:3)
  A golden dragon skeleton (Depths:2)
  12 ironbrand convokers
  17 putrid demonspawn (Pan)
  A shining eye (shapeshifter) (Vaults:5)
  14 necromancers
  16 deep elf conjurers
  3 orb spiders (Zot:2)
  8 griffons
  85 ugly things
  4 manticores
  13 hill giants
  2 stone giant zombies
  5 shining eyes
  10 mana vipers
  3 wolf spiders
  A fire giant zombie (Hell)
  A hornet (shapeshifter) (Vaults:2)
  18 orc knights
  11 orc sorcerers
  5 cyclopes
  7 hornets
  10 guardian serpents
  A guardian serpent (shapeshifter) (Depths:3)
  9 rust devils
  An iron dragon skeleton (Tar:1)
  42 moths of wrath
  A salamander (shapeshifter) (Vaults:1)
  An eye of devastation (Slime:6)
  19 vault sentinels
  25 sixfirhies (Pan)
  An apocalypse crab (Abyss:1)
  2 frost giant skeletons
  A stone giant skeleton (Crypt:1)
  14 elephants
  8 naga magi
  37 smoke demons
  4 molten gargoyles (D:11)
  31 black mambas
  A dire elephant zombie (Crypt:1)
  A torpor snail (shapeshifter) (Vaults:5)
  2 spiny frogs (shapeshifter)
  5 centaur zombies
  26 orange demons
  6 salamanders
  19 spiny frogs
  11 hellions
  14 demonic crawlers (Pan)
  17 komodo dragons
  7 kobold demonologists
  A green draconian zombie (Crypt:1)
  A redback zombie (Crypt:2)
  16 hellwings (Pan)
  A tengu conjurer (Depths:4)
  52 yaktaurs
  17 tormentors (Pan)
  4 harpy zombies (Zot:2)
  3 ancient zymes (Abyss:1)
  19 blue devils
  45 red devils
  10 deep elf priests
  A hydra zombie (Hell)
  A yaktaur (shapeshifter) (Vaults:5)
  A grey draconian skeleton (Crypt:1)
  8 guardian mummies
  55 large abominations
  10 efreet
  A jumping spider (Depths:4)
  A troll (shapeshifter) (Vaults:2)
  12 trolls
  A silent spectre (Depths:3)
  11 polar bears
  A slime creature (shapeshifter) (Vaults:5)
  A tengu simulacrum (Depths:2)
  3 giant leeches
  11 fire drakes
  15 bog bodies
  2 queen bees (shapeshifter)
  Grinder (D:3)
  A wind drake (shapeshifter) (Vaults:5)
  2 hydra skeletons
  10 freezing wraiths
  2 spriggan zombies
  18 blink frogs
  A boulder beetle (shapeshifter) (Vaults:3)
  2 alligator zombies (Hell)
  29 two-headed ogres
  A stone giant simulacrum (Depths:2)
  An ettin zombie (Depths:2)
  An ice dragon zombie (Tar:1)
  115 slime creatures
  5 raiju
  4 boulder beetles
  39 ynoxinuls
  A jumping spider zombie (Crypt:1)
  A fire dragon zombie (Hell)
  A fire giant simulacrum (Vaults:3)
  6 shadows
  A snapping turtle (shapeshifter) (Depths:1)
  12 spriggans
  2 ice dragon skeletons (Pan)
  73 flying skulls
  28 deep elf magi
  18 redbacks
  A tarantella (shapeshifter) (Vaults:2)
  7 air elementals
  17 fire elementals
  4 water elementals
  A hog (shapeshifter) (Vaults:3)
  69 yaks
  A tarantella (Depths:4)
  11 wyverns
  13 humans (Vaults:1)
  10 basilisks
  30 neqoxecs
  2 yaks (shapeshifter)
  8 vampires
  35 deep elf fighters
  6 hungry ghosts
  10 golden eyes
  A golden eye (shapeshifter) (Depths:3)
  41 vampire mosquitoes
  14 hippogriffs
  27 chaos spawn
  15 wargs
  A steam dragon (Lair:8)
  34 wolves
  Menkaure (D:7)
  9 small abominations
  20 insubstantial wisps
  8 wraiths
  A soldier ant (D:12)
  6 mottled dragons
  25 swamp worms
  16 hell hounds
  An ettin simulacrum (Vaults:3)
  An eye of draining (shapeshifter) (Vaults:5)
  14 porcupines
  13 swamp drakes
  22 water moccasins
  38 nagas
  A spiny frog zombie (Hell)
  6 sky beasts
  A hydra simulacrum (Hell)
  52 orc warriors
  16 wasps
  An infernal demonspawn skeleton (Crypt:2)
  6 eyes of draining
  2 spiny frog skeletons (Hell)
  13 black bears
  11 boggarts
  11 ice beasts
  49 ogres
  7 starcursed masses (Abyss:1)
  A swamp dragon zombie (Tar:1)
  An ogre (shapeshifter) (Vaults:3)
  19 centaurs
  A snapping turtle skeleton (Crypt:2)
  16 necrophages
  2 phantoms
  20 crocodiles
  5 big kobolds
  A brain worm (Abyss:1)
  18 giant frogs
  A wyvern zombie (D:14)
  A yaktaur skeleton (Crypt:2)
  A spider zombie (Crypt:1)
  A dryad skeleton (Crypt:2)
  A spiny frog simulacrum (Crypt:3)
  A wyvern skeleton (D:6)
  2 scorpions
  A hippogriff zombie (Crypt:2)
  3 killer bees (D:13)
  2 spriggan skeletons (D:11)
  10 wights
  An electric eel (Lair:3)
  21 crimson imps
  A giant frog zombie (D:10)
  A human simulacrum (Vaults:3)
  2 quasits
  4 human zombies
  A giant frog skeleton (D:12)
  21 jellies
  2 iron imps (Hell)
  33 orc priests
  5 centaur skeletons
  19 hounds
  31 orc wizards
  A two-headed ogre skeleton (Crypt:1)
  4 hell rats (Lair:6)
  A human skeleton (Crypt:1)
  14 iguanas
  7 worker ants
  2 killer bee zombies
  9 sheep
  A dwarf zombie (Crypt:2)
  A mottled dragon zombie (Crypt:2)
  A naga skeleton (Tar:1)
  4 mummies (Crypt:1)
  A worker ant zombie (Crypt:1)
  Robin (D:3)
  12 adders
  68 river rats
  5 shadow imps
  A white imp (Lair:4)
  2 oozes (D:6)
  4 adder skeletons
  An adder zombie (D:5)
  A worm (D:3)
  10 giant geckos
  159 orcs
  16 bats
  8 giant cockroaches
  11 goblins
  9 hobgoblins
  15 jackals
  16 kobolds
  A giant newt zombie (Crypt:2)
  A jackal skeleton (D:7)
  A kobold skeleton (Tar:1)
  A quokka (D:3)
  3 quokka skeletons
  5 rats
  A block of ice (Pan)
  6 briar patches (Swamp:4)
  A butterfly (Zot:2)
  2 crawling corpses (Vaults:1)
  2 fire vortices (Pan)
  15 fungi
  2 lost souls
  9 plants
  A starspawn tentacle (Abyss:1)
4370 creatures vanquished.

Vanquished Creatures (collateral kills)
  An Executioner (Pan)
  2 large abominations (Pan)
  A ynoxinul (Pan)
4 creatures vanquished.

Vanquished Creatures (others)
  A golden dragon (Vaults:4)
  A Brimstone Fiend (Pan)
  An eldritch tentacle (Pan)
  A ghost moth (Zot:2)
  A draconian scorcher (Zot:4)
  A draconian knight (Zot:3)
  A frost giant (Tar:1)
  A fire giant (Depths:4)
  An angel (Pan)
  A very ugly thing (Vaults:5)
  A blood saint (Pan)
  A green death (Pan)
  A vault guard (Vaults:5)
  A deep elf high priest (Elf:3)
  An ice dragon (Zot:2)
  An ogre mage (Depths:2)
  An ice devil (Pan)
  2 skeletal warriors
  An unseen horror (shapeshifter) (Vaults:3)
  A deep troll (Depths:4)
  An ironbrand convoker (Vaults:5)
  An ugly thing (Vaults:5)
  A moth of wrath (Zot:1)
  A spiny frog (Swamp:4)
  A hellion (Pan)
  A slime creature (Slime:6)
  A blink frog (Swamp:4)
  A deep elf mage (Hell)
  A deep elf fighter (Hell)
  An alligator skeleton (Tar:1)
  A chaos spawn (Abyss:1)
  A swamp drake (Swamp:4)
  A boggart (Depths:2)
  2 ogres (Depths:2)
  A human zombie (Crypt:1)
  A block of ice (Pan)
  114 eldritch tentacle segments (Pan)
  A fulminant prism (Pan)
  15 fungi
  7 lost souls
  22 plants
  4 starspawn tentacles (Abyss:1)
  212 starspawn tentacle segments (Abyss:1)
413 creatures vanquished.

Grand Total: 4787 creatures vanquished

Notes
Turn   | Place    | Note
--------------------------------------------------------------
     0 | D:1      | Maka the Minotaur Fighter began the quest for the Orb.
     0 | D:1      | Reached XP level 1. HP: 19/19 MP: 0/0
   210 | D:1      | Reached XP level 2. HP: 26/26 MP: 1/1
   673 | D:2      | Reached skill level 4 in Axes
   686 | D:2      | Reached XP level 3. HP: 29/31 MP: 2/2
  1277 | D:3      | Found a sparkling altar of Nemelex Xobeh.
  1430 | D:3      | Reached XP level 4. HP: 39/39 MP: 3/3
  1466 | D:3      | Reached skill level 5 in Armour
  1478 | D:3      | Noticed Robin
  1533 | D:3      | Found a faded altar to an unknown god.
  1535 | D:3      | Noticed Grinder
  1569 | D:3      | Paralysed by Grinder for 6 turns
  1578 | D:3      | Killed Grinder
  1578 | D:3      | Reached skill level 6 in Axes
  1578 | D:3      | Reached XP level 5. HP: 25/45 MP: 4/4
  1578 | D:3      | Reached XP level 6. HP: 28/51 MP: 5/5
  1623 | D:3      | Killed Robin
  1623 | D:3      | Reached skill level 7 in Axes
  1908 | D:3      | Found a radiant altar of Vehumet.
  2503 | D:4      | Found a white marble altar of Elyvilon.
  2505 | D:4      | Found an opulent altar of Gozag.
  2770 | D:5      | Entered Level 5 of the Dungeon
  2956 | D:5      | Reached XP level 7. HP: 43/57 MP: 6/6
  3081 | D:5      | Reached skill level 8 in Axes
  3081 | D:5      | Reached skill level 5 in Shields
  3416 | D:5      | Found a staircase to the Ecumenical Temple.
  3426 | Temple   | Entered the Ecumenical Temple
  3644 | D:5      | Found an iron altar of Okawaru.
  3647 | D:5      | Became a worshipper of Warmaster Okawaru
  3689 | D:6      | Found Ewnug's Distillery.
  3712 | D:6      | Bought a potion of mutation for 35 gold pieces
  3712 | D:6      | Bought a potion of heal wounds for 70 gold pieces
  3729 | D:6      | Bought a potion of resistance for 140 gold pieces
  3729 | D:6      | Bought a potion of agility for 56 gold pieces
  3875 | D:6      | Reached skill level 9 in Axes
  4423 | D:7      | Noticed Clownie's ghost (novice SpCj)
  4722 | D:7      | Noticed Menkaure
  4900 | D:7      | Killed Menkaure
  4900 | D:7      | Reached skill level 10 in Axes
  4900 | D:7      | Reached XP level 8. HP: 17/64 MP: 7/7
  5387 | D:7      | Reached * piety under Okawaru
  5674 | D:7      | Found a sacrificial altar of Ru.
  5722 | D:7      | Found an iron altar of Okawaru.
  6087 | D:8      | Reached skill level 11 in Axes
  6167 | D:8      | Noticed a two-headed ogre
  6170 | D:8      | Killed a two-headed ogre
  6170 | D:8      | Reached ** piety under Okawaru
  6196 | D:8      | Reached skill level 12 in Axes
  6196 | D:8      | Reached XP level 9. HP: 70/70 MP: 8/8
  6553 | D:9      | Reached skill level 13 in Axes
  6563 | D:9      | Noticed a cyan ugly thing
  6653 | D:9      | Reached *** piety under Okawaru
  6653 | D:9      | Reached skill level 5 in Fighting
  6698 | D:9      | Killed a cyan ugly thing
  6722 | D:9      | Noticed aliceinspace's ghost (novice GrWz)
  7195 | D:10     | Entered Level 10 of the Dungeon
  7256 | D:10     | Reached XP level 10. HP: 72/86 MP: 5/9
  7263 | D:10     | Reached skill level 14 in Axes
  7414 | D:10     | Found Istiabix's Assorted Antiques.
  7434 | D:10     | Killed an unseen horror
  7434 | D:10     | Reached **** piety under Okawaru
  7434 | D:10     | Reached skill level 15 in Axes
  7555 | D:10     | Found a staircase to the Lair.
  7866 | D:10     | Reached ***** piety under Okawaru
  8074 | D:11     | Found Funoef's Gadget Shoppe.
  8079 | D:11     | Noticed a hill giant
  8091 | D:11     | Killed a hill giant
  8313 | D:11     | Reached XP level 11. HP: 64/94 MP: 6/11
  8515 | D:11     | Killed an unseen horror
  8832 | D:11     | Reached skill level 10 in Shields
  9240 | D:12     | Noticed Nergalle
  9369 | D:12     | Killed Nergalle
  9487 | D:12     | Received a gift from Okawaru
  9490 | D:12     | Got a pair of faintly humming boots {god gift}
  9517 | D:12     | Identified the +1 pair of boots "Osasmeca" {*Corrode rElec rPois Stlth+} (Okawaru gifted it to you on level 12 of the Dungeon)
  9614 | D:12     | Reached skill level 10 in Armour
  9813 | D:12     | Noticed a sun demon
 10141 | D:12     | Noticed a hill giant
 10151 | D:12     | Killed a hill giant
 10520 | D:12     | Reached skill level 16 in Axes
 10597 | D:12     | Found a staircase to the Orcish Mines.
 10690 | D:12     | Killed an unseen horror
 10912 | Orc:1    | Entered Level 1 of the Orcish Mines
 11072 | Orc:1    | Reached XP level 12. HP: 87/101 MP: 10/12
 11234 | Orc:2    | Found Laeta's Distillery.
 11240 | Orc:2    | Bought a potion of curing for 33 gold pieces
 11240 | Orc:2    | Bought a potion of curing for 33 gold pieces
 11640 | Orc:3    | Noticed Harold
 11661 | Orc:3    | Reached skill level 17 in Axes
 11662 | Orc:3    | Killed Harold
 11894 | Orc:2    | Found Oleosotu's Assorted Antiques.
 11902 | Orc:2    | Bought a fuming dark potion for 24 gold pieces
 11902 | Orc:2    | Bought a fizzy grey potion for 24 gold pieces
 11967 | Orc:2    | Found Soukhe's Antique Weapon Shop.
 12526 | Orc:1    | Found a roughly hewn altar of Beogh.
 13038 | Orc:4    | Entered Level 4 of the Orcish Mines
 13038 | Orc:4    | Found a staircase to the Elven Halls.
 13362 | Orc:4    | Found a roughly hewn altar of Beogh.
 13370 | Orc:4    | Found Umereczargh's Antique Weapon Shoppe.
 13375 | Orc:4    | Bought a glowing broad axe for 136 gold pieces
 13375 | Orc:4    | Bought a runed broad axe for 136 gold pieces
 13508 | Orc:2    | Reached skill level 18 in Axes
 13525 | Orc:2    | Received a gift from Okawaru
 13526 | Orc:2    | Reached ****** piety under Okawaru
 13753 | Lair:1   | Entered Level 1 of the Lair of Beasts
 14830 | Lair:2   | Received a gift from Okawaru
 15587 | Orc:2    | Bought the +2 cloak of Starlight {rElec rC+ EV+4 Stlth--} for 1336 gold pieces
 15883 | Lair:3   | Reached XP level 13. HP: 87/107 MP: 10/13
 16099 | Lair:3   | Noticed Urug
 16116 | Lair:3   | Killed Urug
 16564 | Lair:4   | Reached skill level 10 in Fighting
 16584 | Lair:4   | Noticed Sonja
 16593 | Lair:4   | Killed Sonja
 16798 | Lair:4   | Found a labyrinth entrance.
 16808 | Lab      | Entered a labyrinth
 17054 | Lab      | Got a pair of brightly glowing gloves
 17055 | Lab      | Identified the +0 pair of gloves of the Quahog {Regen+ Int+2} (You found it in a labyrinth)
 17220 | Lair:4   | Received a gift from Okawaru
 18039 | Lair:5   | Reached skill level 15 in Armour
 18187 | Lair:5   | Found a staircase to the Swamp.
 18575 | Lair:6   | Found a staircase to the Snake Pit.
 18744 | Lair:6   | Reached XP level 14. HP: 126/126 MP: 14/14
 19249 | Lair:5   | Received a gift from Okawaru
 19254 | Lair:5   | Got an ancient executioner's axe {god gift}
 19255 | Lair:5   | Identified the +7 executioner's axe of Distant Shores {freeze, Str+3} (Okawaru gifted it to you on level 5 of the Lair of Beasts)
 19944 | Lair:7   | Received a gift from Okawaru
 19947 | Lair:7   | Got a pair of smoking gloves {god gift}
 19958 | Lair:7   | Identified the +0 pair of gloves of Forking Paths {rC- Dex+4} (Okawaru gifted it to you on level 7 of the Lair of Beasts)
 20048 | Lair:7   | Reached skill level 15 in Shields
 20446 | Lair:8   | Entered Level 8 of the Lair of Beasts
 20467 | Lair:7   | Reached skill level 5 in Invocations
 20877 | Lair:8   | Reached XP level 15. HP: 132/132 MP: 18/18
 21062 | Lair:8   | Received a gift from Okawaru
 21497 | Lair:8   | Found a staircase to the Slime Pits.
 22173 | Orc:4    | Found Qaguc's General Store.
 22185 | Orc:4    | Found Newkialead's Distillery.
 22239 | Orc:4    | Bought a potion of cure mutation for 490 gold pieces
 22239 | Orc:4    | Bought a potion of heal wounds for 70 gold pieces
 22527 | Orc:4    | Found Zigafuvyoh's Book Shoppe.
 22527 | Orc:4    | Found Ythrinul's Antique Armour Emporium.
 22536 | Orc:4    | Found a one-way gate leading to the halls of Pandemonium.
 22964 | D:13     | Received a gift from Okawaru
 23407 | D:14     | Found a gate to the Vaults.
 23843 | D:14     | Reached skill level 19 in Armour
 23956 | D:15     | Entered Level 15 of the Dungeon
 24375 | D:15     | Found a staircase to the Depths.
 24421 | D:15     | Received a gift from Okawaru
 24485 | D:15     | Reached XP level 16. HP: 130/139 MP: 16/19
 25106 | Lair:4   | Reached skill level 20 in Armour
 25118 | Lair:4   | Got a smoking granite ring
 25127 | Lair:4   | Identified the ring "Gitan" {rF+ Dex+3} (You found it on level 4 of the Lair of Beasts)
 25195 | Swamp:1  | Entered Level 1 of the Swamp
 25197 | Swamp:1  | Noticed Xuu's ghost (adept FoFi)
 25333 | Swamp:1  | Killed Xuu's ghost
 25685 | Swamp:1  | HP: 5/139 [vampire mosquito (6)]
 25794 | Swamp:1  | Reached skill level 21 in Armour
 26356 | Orc:2    | Bought a scroll of identify for 54 gold pieces
 26356 | Orc:2    | Bought a potion of curing for 81 gold pieces
 26356 | Orc:2    | Bought a potion of curing for 81 gold pieces
 27366 | Swamp:2  | Upgraded the game from 0.17-a0-2070-g2a5e0a8 to 0.17-a0-2074-gaf3f87d
 27778 | Swamp:3  | Received a gift from Okawaru
 27918 | Swamp:3  | Noticed Mara
 27922 | Swamp:3  | Noticed Maka's illusion
 28326 | Swamp:3  | Noticed Maka's illusion
 28334 | Swamp:4  | Entered Level 4 of the Swamp
 28345 | Swamp:4  | Reached skill level 15 in Fighting
 28598 | Swamp:3  | Reached XP level 17. HP: 128/156 MP: 18/20
 28802 | Swamp:4  | Reached skill level 1 in Dodging
 28978 | Swamp:4  | Received a gift from Okawaru
 29140 | Swamp:4  | Got a decaying rune of Zot
 29244 | Swamp:4  | Reached skill level 5 in Dodging
 29748 | Snake:1  | Entered Level 1 of the Snake Pit
 30970 | Snake:2  | Found Baidej's Food Emporium.
 31640 | Snake:3  | Reached skill level 10 in Dodging
 32188 | Snake:3  | Identified Lehudib's Almanac of Earth
 32214 | Snake:3  | Received a gift from Okawaru
 32670 | Snake:4  | Entered Level 4 of the Snake Pit
 32776 | Snake:4  | Found a runed door.
 32897 | Snake:4  | Noticed Agnes
 32915 | Snake:4  | Killed Agnes
 32915 | Snake:4  | Reached XP level 18. HP: 135/166 MP: 17/21
 33262 | Snake:4  | Reached skill level 22 in Armour
 33266 | Snake:4  | Received a gift from Okawaru
 33681 | Snake:4  | Identified a scroll of acquirement
 33682 | Snake:4  | Got a slimy shield
 33695 | Snake:4  | Identified the +5 shield "Itsod" {rCorr} (You acquired it on level 4 of the Snake Pit)
 33763 | Snake:4  | Received a gift from Okawaru
 33763 | Snake:4  | Reached skill level 23 in Armour
 33865 | Snake:4  | Got a pair of shimmering boots {god gift}
 33876 | Snake:4  | Identified the +2 pair of boots of the Camelopard {rC+ Stlth+} (Okawaru gifted it to you on level 4 of the Snake Pit)
 34155 | Snake:4  | Got a serpentine rune of Zot
 34863 | Vaults:1 | Entered Level 1 of the Vaults
 35245 | Vaults:1 | Reached skill level 24 in Armour
 35251 | Vaults:1 | Cast into the Abyss (a ghostly deep elf sorcerer)
 35251 | Abyss:1  | Found a corrupted altar of Lugonu.
 35670 | Abyss:1  | Noticed a bone dragon
 35679 | Vaults:1 | Escaped the Abyss
 35985 | Vaults:1 | Reached XP level 19. HP: 162/172 MP: 22/22
 36085 | Vaults:1 | Received a gift from Okawaru
 36277 | Vaults:1 | Reached skill level 25 in Armour
 36672 | Vaults:1 | Noticed Margery
 36715 | Vaults:1 | Killed Margery
 36759 | Vaults:1 | Found Wulaq's Magic Scroll Shoppe.
 36765 | Vaults:1 | Bought a scroll of acquirement for 1092 gold pieces
 36765 | Vaults:1 | Bought a scroll of teleportation for 63 gold pieces
 36765 | Vaults:1 | Bought a scroll of identify for 42 gold pieces
 36765 | Vaults:1 | Bought a scroll of enchant weapon for 157 gold pieces
 36765 | Vaults:1 | Bought a scroll of enchant armour for 157 gold pieces
 36971 | Vaults:1 | Identified a +1 rod of clouds (10/10) (You found it in a labyrinth)
 37422 | Vaults:1 | Reached skill level 26 in Armour
 37427 | Vaults:1 | Received a gift from Okawaru
 37999 | Vaults:2 | Found Xasaprorgh's Antique Weapon Shop.
 38146 | Vaults:2 | Received a gift from Okawaru
 38156 | Vaults:2 | Got a pair of twisted gloves {god gift}
 38175 | Vaults:2 | Identified the +4 pair of gloves of the Nine Dances {Str+4} (Okawaru gifted it to you on level 2 of the Vaults)
 38695 | Vaults:2 | Reached XP level 20. HP: 135/180 MP: 23/23
 38697 | Vaults:2 | Reached skill level 27 in Armour
 39064 | Vaults:3 | Identified the Disquisition on Conjuration
 39465 | Vaults:3 | Noticed Sojobo
 39883 | Vaults:3 | Received a gift from Okawaru
 39939 | Vaults:3 | Killed Sojobo
 39981 | Vaults:2 | Reached skill level 15 in Dodging
 40833 | Vaults:3 | Found a staircase to the Crypt.
 41065 | Vaults:4 | Found a magical portal.
 41082 | WizLab   | Entered The Hall of Daattes the Hellbinder
 41155 | WizLab   | Cast into the Abyss (a deep elf demonologist)
 41156 | Abyss:1  | Found a corrupted altar of Lugonu.
 41263 | Abyss:1  | Reached XP level 21. HP: 180/193 MP: 24/24
 41300 | Abyss:1  | Gained mutation: You have an increased reservoir of magic (+10% MP). [a neqoxec]
 41339 | Abyss:1  | Noticed an ancient lich
 41369 | Abyss:1  | Killed an ancient lich
 41375 | Abyss:1  | Received a gift from Okawaru
 41473 | WizLab   | Escaped the Abyss
 41740 | WizLab   | Gained mutation: You are frail (-10% HP). [a cacodemon]
 41956 | Vaults:4 | Lost mutation: You are frail (-10% HP). [potion of cure mutation]
 41956 | Vaults:4 | Lost mutation: You have an increased reservoir of magic (+10% MP). [potion of cure mutation]
 42195 | Vaults:4 | Paralysed by a great orb of eyes for 4 turns
 43466 | Depths:1 | Entered Level 1 of the Depths
 43769 | Depths:1 | Noticed Azrael
 43785 | Depths:1 | Killed Azrael
 43898 | Depths:1 | Paralysed by a great orb of eyes for 6 turns
 43986 | Depths:1 | Received a gift from Okawaru
 44028 | Depths:1 | Found a one-way gate to the infinite horrors of the Abyss.
 44347 | Depths:1 | Found a gateway to Hell.
 45289 | Depths:2 | Received a gift from Okawaru
 45471 | Depths:2 | Reached XP level 22. HP: 187/209 MP: 25/25
 45928 | Depths:2 | Noticed a juggernaut
 45954 | Depths:2 | Killed a juggernaut
 45995 | Depths:2 | Received a gift from Okawaru
 46005 | Depths:2 | Noticed a juggernaut
 46022 | Depths:2 | Killed a juggernaut
 46304 | Depths:2 | Got a pair of scorched gloves
 46305 | Depths:2 | Identified the cursed -3 pair of gloves of Muwirph {Int+4} (You found it on level 2 of the Depths)
 47672 | Depths:3 | Received a gift from Okawaru
 47823 | Depths:4 | Found Qeosuwusch's Antique Armour Shoppe.
 47823 | Depths:4 | Found Waekhlegg's Assorted Antiques.
 48617 | Depths:4 | Found Fonlamop's General Store.
 48624 | Depths:4 | Bought a scroll of enchant armour for 120 gold pieces
 48658 | Depths:4 | Received a gift from Okawaru
 48669 | Depths:4 | Reached XP level 23. HP: 209/217 MP: 28/28
 48809 | Depths:4 | Found a corrupted altar of Lugonu.
 48918 | Depths:4 | Found a runed door.
 49371 | Depths:5 | Entered Level 5 of the Depths
 49381 | Depths:4 | Received a gift from Okawaru
 49784 | Depths:5 | Noticed Jorgrun
 49798 | Depths:5 | Killed Jorgrun
 50045 | Depths:4 | Received a gift from Okawaru
 50143 | Depths:5 | Found a gateway to a ziggurat.
 50460 | Depths:5 | Found a gate to the Realm of Zot.
 50970 | Vaults:5 | Entered Level 5 of the Vaults
 51021 | Vaults:4 | Received a gift from Okawaru
 51150 | Vaults:5 | Reached XP level 24. HP: 176/236 MP: 28/28
 51677 | Vaults:5 | Received a gift from Okawaru
 52067 | Vaults:5 | Noticed an ancient lich
 52094 | Vaults:5 | Killed an ancient lich
 52641 | Vaults:5 | Got a silver rune of Zot
 52877 | Vaults:5 | Received a gift from Okawaru
 52935 | Vaults:5 | Found Wuekhoz's Antique Armour Shop.
 53636 | Elf:1    | Entered Level 1 of the Elven Halls
 53759 | Elf:1    | Reached XP level 25. HP: 253/253 MP: 28/28
 54447 | Elf:1    | Identified a +2 pair of boots of running (You found it on level 1 of the Elven Halls)
 54775 | Elf:2    | Found a runed gate.
 54783 | Elf:2    | Found a runed gate.
 54783 | Elf:2    | Found a runed gate.
 54981 | Elf:3    | Entered Level 3 of the Elven Halls
 54981 | Elf:3    | Found a deep blue altar of Sif Muna.
 55715 | Elf:3    | Received a gift from Okawaru
 55742 | Elf:3    | Reached skill level 27 in Fighting
 55747 | Elf:3    | Got a faintly humming cloak {god gift}
 55758 | Elf:3    | Identified the +2 cloak of Boredom {rElec Int-2 Dex+5} (Okawaru gifted it to you on level 3 of the Elven Halls)
 55864 | Elf:3    | Cast into the Abyss (a deep elf demonologist)
 56060 | Abyss:1  | Paralysed by accursed screaming for 1 turns
 56064 | Abyss:1  | Paralysed by accursed screaming for 1 turns
 56113 | Elf:3    | Escaped the Abyss
 56305 | Elf:3    | Got a twitching ruby amulet
 56308 | Elf:3    | Identified the amulet of Taunaub {Stasis MR+ MP+9 Slay+3} (You found it on level 3 of the Elven Halls)
 56374 | Elf:3    | Got a smoking buckler
 56385 | Elf:3    | Identified the +0 buckler "Axots" {rPois} (You acquired it on level 3 of the Elven Halls)
 56629 | D:10     | Bought a potion of heal wounds for 160 gold pieces
 56629 | D:10     | Bought a forked glass wand for 128 gold pieces
 56855 | Crypt:1  | Entered Level 1 of the Crypt
 57407 | Crypt:1  | Found a basalt altar of Yredelemnul.
 57941 | Crypt:2  | Noticed Frederick
 57985 | Crypt:2  | Killed Frederick
 57992 | Crypt:2  | Killed the ghostly Frederick
 58312 | Crypt:3  | Entered Level 3 of the Crypt
 58340 | Crypt:3  | Received a gift from Okawaru
 58355 | Crypt:3  | Got a translucent cloak {god gift}
 58367 | Crypt:3  | Identified the +2 cloak of Divine Compulsion {SInv} (Okawaru gifted it to you on level 3 of the Crypt)
 58666 | Crypt:3  | Reached XP level 26. HP: 257/265 MP: 28/28
 58685 | Crypt:3  | Found an ancient bone altar of Kikubaaqudgha.
 59039 | Crypt:3  | Noticed Khufu
 59055 | Crypt:3  | Killed Khufu
 59310 | Crypt:3  | Found a staircase to the Tomb.
 59521 | Crypt:3  | Got a faintly glowing glass ring
 59532 | Crypt:3  | Identified the ring "Vitwip" {rN+ MR+ Str+4 Dex+2 Stlth-} (You found it on level 3 of the Crypt)
 59537 | Crypt:3  | Got a pitted jade amulet
 59539 | Crypt:3  | Identified the amulet of the Ancient Wishes {Ward rN+ Str+4 Dex+4} (You found it on level 3 of the Crypt)
 59543 | Crypt:3  | Got a pitted brass ring
 59544 | Crypt:3  | Identified the ring "Effioxim" {rN+ Stlth+} (You found it on level 3 of the Crypt)
 59885 | Zot:1    | Entered Level 1 of the Realm of Zot
 59940 | Zot:1    | Noticed an orb of fire
 59958 | Zot:1    | Gained mutation: Armour fits poorly on your strangely shaped body. [an orb of fire]
 59971 | Zot:1    | Killed an orb of fire
 60657 | Zot:1    | Received a gift from Okawaru
 61957 | Zot:3    | Noticed an orb of fire
 61984 | Zot:3    | Gained mutation: Your body sometimes deteriorates upon taking damage. [an orb of fire]
 61988 | Zot:3    | Reached XP level 27. HP: 207/273 MP: 0/28
 61997 | Zot:2    | Gained mutation: Your body often deteriorates upon taking damage. [an orb of fire]
 62002 | Zot:2    | Killed an orb of fire
 62178 | Zot:3    | Received a gift from Okawaru
 63582 | Zot:4    | Got a glittering silver ring
 63583 | Zot:4    | Identified the ring "Talainep" {Int+5 Dex+3 Slay+3} (You found it on level 4 of the Realm of Zot)
 63954 | Zot:4    | Got an ancient graven amulet
 63955 | Zot:4    | Identified the amulet "Wav Heut" {rMut rElec rN++ Str-5 Dex+2} (You acquired it on level 4 of the Realm of Zot)
 63978 | Zot:4    | Lost mutation: Armour fits poorly on your strangely shaped body. [potion of cure mutation]
 63978 | Zot:4    | Lost mutation: Your body often deteriorates upon taking damage. [potion of cure mutation]
 63978 | Zot:4    | Lost mutation: Your body sometimes deteriorates upon taking damage. [potion of cure mutation]
 64353 | Zot:4    | Received a gift from Okawaru
 64366 | Zot:4    | Noticed an orb of fire
 64388 | Zot:4    | Killed an orb of fire
 64920 | Zot:5    | Entered Level 5 of the Realm of Zot
 65086 | Zot:5    | Noticed an orb of fire
 65107 | Zot:5    | Killed an orb of fire
 65194 | Zot:5    | Received a gift from Okawaru
 65376 | Zot:5    | Noticed an ancient lich
 65499 | Zot:5    | Killed an ancient lich
 65544 | Zot:5    | Noticed an ancient lich
 65559 | Zot:5    | Killed an ancient lich
 65650 | Zot:5    | Noticed an ancient lich
 65652 | Zot:5    | Noticed an orb of fire
 65674 | Zot:5    | Killed an orb of fire
 65674 | Zot:5    | Reached skill level 27 in Axes
 65688 | Zot:5    | Killed an ancient lich
 66040 | Zot:5    | Noticed an orb of fire
 66053 | Zot:5    | Killed an orb of fire
 66073 | Zot:5    | Reached skill level 27 in Dodging
 66113 | Zot:5    | Noticed an orb of fire
 66116 | Zot:5    | Received a gift from Okawaru
 66135 | Zot:5    | Killed an orb of fire
 66182 | Zot:5    | Got a distressingly furry cloak {god gift}
 66195 | Zot:5    | Identified the +0 cloak of Disguise {rN+ Regen+} (Okawaru gifted it to you on level 5 of the Realm of Zot)
 66412 | Zot:5    | Noticed an ancient lich
 66428 | Zot:5    | Killed an ancient lich
 66997 | Slime:1  | Entered Level 1 of the Pits of Slime
 67281 | Slime:4  | Gained mutation: Your body sometimes deteriorates upon taking damage. [a shining eye]
 67355 | Slime:6  | Entered Level 6 of the Pits of Slime
 67425 | Slime:6  | Noticed the royal jelly
 67435 | Slime:6  | Killed the royal jelly
 67473 | Slime:6  | Received a gift from Okawaru
 67513 | Slime:6  | Got a slimy rune of Zot
 68147 | Temple   | Fell from the grace of Okawaru
 68147 | Temple   | Became a worshipper of the Shining One
 68477 | Hell     | Entered the Vestibule of Hell
 68477 | Hell     | Noticed Geryon
 68564 | Hell     | Reached * piety under the Shining One
 68608 | Hell     | Killed Geryon
 68620 | Hell     | Reached ** piety under the Shining One
 68750 | Hell     | Found a gateway to the decaying netherworld of Tartarus.
 68825 | Hell     | Reached *** piety under the Shining One
 68827 | Hell     | Found a gateway to the freezing wastes of Cocytus.
 68875 | Hell     | Reached **** piety under the Shining One
 68993 | Hell     | Found a gateway to the Iron City of Dis.
 69218 | Hell     | Found a gateway to the ashen valley of Gehenna.
 69268 | Tar:1    | Entered Level 1 of Tartarus
 69283 | Tar:1    | Reached ***** piety under the Shining One
 69490 | Tar:1    | Reached ****** piety under the Shining One
 70181 | Temple   | Identified a +9 broad axe of holy wrath (a +9 broad axe of chopping blessed by the Shining One)
 70181 | Temple   | Received a gift from the Shining One
 70503 | Pan      | Entered Pandemonium
 70503 | Pan      | Noticed Ciac the pandemonium lord
 70539 | Pan      | Killed Ciac the pandemonium lord
 71038 | Pan      | Noticed P0WERM0DE's ghost (legendary HEWz)
 71813 | Pan      | Found a white marble altar of Elyvilon.
 72000 | Pan      | Got a pair of heavily runed boots
 72001 | Pan      | Identified the +5 pair of boots of Watchfulness {+Inv rElec MR- Int+5} (You found it in Pandemonium)
 73299 | Pan      | Found a glowing silver altar of Zin.
 73483 | Pan      | Got a bound lead amulet
 73487 | Pan      | Identified the amulet of the Sky {rMut Str+3} (You took it off an angel in Pandemonium)
 73576 | Pan      | Reached skill level 10 in Invocations
 73625 | Pan      | Noticed a seraph
 73652 | Pan      | Killed a seraph
 73660 | Pan      | Found a glowing golden altar of the Shining One.
 73695 | Pan      | Got a demonic rune of Zot
 73918 | Pan      | Was forgiven by Okawaru
 74344 | Pan      | Noticed Dokuig the pandemonium lord
 74375 | Pan      | Killed Dokuig the pandemonium lord
 74565 | Pan      | Found an exit through the horrors of the Abyss.
 74775 | Pan      | Noticed Uhacor the pandemonium lord
 74797 | Pan      | Killed Uhacor the pandemonium lord
 75025 | Pan      | Found an exit through the horrors of the Abyss.
 75626 | Pan      | Reached skill level 27 in Shields
 75768 | Pan      | Noticed Zukaupnari the pandemonium lord
 75779 | Pan      | Killed Zukaupnari the pandemonium lord
 75856 | Pan      | Noticed an ancient lich
 75857 | Pan      | Found a gateway to a ziggurat.
 75857 | Pan      | Noticed an ancient lich
 75890 | Pan      | Killed an ancient lich
 75890 | Pan      | Reached skill level 15 in Invocations
 75900 | Pan      | Killed an ancient lich
 75935 | Pan      | Found an exit through the horrors of the Abyss.
 76393 | Pan      | Noticed Gann the pandemonium lord
 76402 | Pan      | Killed Gann the pandemonium lord
 76505 | Pan      | Found an exit through the horrors of the Abyss.
 76746 | Pan      | Gained mutation: You tend to lose your temper in combat. [a neqoxec]
 76751 | Pan      | Lost mutation: You tend to lose your temper in combat. [potion of cure mutation]
 76751 | Pan      | Lost mutation: Your body sometimes deteriorates upon taking damage. [potion of cure mutation]
 76829 | Pan      | Noticed Azakem the pandemonium lord
 76908 | Pan      | Killed Azakem the pandemonium lord
 77351 | Pan      | Found an exit through the horrors of the Abyss.
 77650 | Pan      | Found an exit through the horrors of the Abyss.
 78170 | Pan      | Found an exit through the horrors of the Abyss.
 78172 | Pan      | Noticed Mennas
 78197 | Pan      | Killed Mennas
 78803 | Pan      | Found an exit through the horrors of the Abyss.
 78981 | Pan      | Found an exit through the horrors of the Abyss.
 79114 | Pan      | Gained mutation: Your magical capacity is low (-10% MP). [a cacodemon]
 79209 | Pan      | Entered the realm of Gloorx Vloq.
 79497 | Pan      | Found an exit through the horrors of the Abyss.
 79751 | Pan      | Got a fine buckler
 79752 | Pan      | Identified the cursed +0 buckler of Qoebbeko {+Fly rElec rPois MP-9} (You found it in Pandemonium)
 80067 | Pan      | Noticed Gloorx Vloq
 80081 | Pan      | Killed Gloorx Vloq
 80102 | Pan      | Got a dark rune of Zot
 80394 | Pan      | Found a runed door.
 80404 | Pan      | Found a runed door.
 80414 | Pan      | Found a runed door.
 80520 | Pan      | Found a gateway to a ziggurat.
 80626 | Pan      | Noticed Lygufop the pandemonium lord
 80643 | Pan      | Killed Lygufop the pandemonium lord
 80809 | Pan      | Noticed Ynum the pandemonium lord
 80827 | Pan      | Killed Ynum the pandemonium lord
 80954 | Pan      | Found an exit through the horrors of the Abyss.
 81142 | Pan      | Noticed Plog the pandemonium lord
 81147 | Pan      | Killed Plog the pandemonium lord
 81556 | Pan      | Entered the realm of Cerebov.
 82023 | Pan      | Noticed Cerebov
 82063 | Pan      | Killed Cerebov
 82123 | Pan      | Got a fiery rune of Zot
 82273 | Pan      | Got a bound bronze ring
 82283 | Pan      | Identified the ring "Waerokin" {SustAt rN++ Str-5 Int+2} (You found it in Pandemonium)
 82528 | Pan      | Found a gateway to a ziggurat.
 82528 | Pan      | Noticed an ancient lich
 82566 | Pan      | Killed an ancient lich
 82698 | Pan      | Found an exit through the horrors of the Abyss.
 82851 | Pan      | Noticed Eshann the pandemonium lord
 82866 | Pan      | Killed Eshann the pandemonium lord
 83130 | Pan      | Found an exit through the horrors of the Abyss.
 83273 | Pan      | Found an exit through the horrors of the Abyss.
 83410 | Pan      | Found a huge runed gate.
 84004 | Pan      | Reached skill level 27 in Invocations
 84066 | Pan      | Reached skill level 1 in Evocations
 84164 | Pan      | Noticed Deotaeh the pandemonium lord
 84170 | Pan      | Killed Deotaeh the pandemonium lord
 84177 | Pan      | Reached skill level 5 in Evocations
 84254 | Pan      | Found a gateway to a ziggurat.
 84327 | Pan      | Found a runed door.
 84327 | Pan      | Found a runed door.
 84329 | Pan      | Noticed Yleqaj the pandemonium lord
 84341 | Pan      | Killed Yleqaj the pandemonium lord
 84352 | Pan      | Found a runed door.
 84364 | Pan      | Found an exit through the horrors of the Abyss.
 84488 | Pan      | Gained mutation: Your magical capacity is very low (-20% MP). [a neqoxec]
 84551 | Pan      | Reached skill level 10 in Evocations
 84651 | Pan      | Found an exit through the horrors of the Abyss.
 84668 | Pan      | Noticed Pamawywu the pandemonium lord
 84681 | Pan      | Killed Pamawywu the pandemonium lord
 84978 | Pan      | Found an exit through the horrors of the Abyss.
 85009 | Pan      | Killed from afar by a Brimstone Fiend

Vault maps used:
D:1:      lightli_arrival_isolated_outpost, minmay_misc_feat_hallway,
          serial_bayou_lake_a
D:3:      lemuel_crystal_altar, lemuel_crystal_altar, ecumenical_altar_2,
          uniq_grinder, uniq_robin
D:4:      minitemple, first_bread
D:5:      kennysheep_mini_moat, minmay_temple_entry_nine_rooms
D:6:      serial_shops, shop_coins
D:7:      kennysheep_little_box, nicolae_ru_the_path_less_chosen, serial_glass,
          glass_columns_b, glass_columns_a, minmay_strange_pillars,
          item_on_display_a, feat_on_display, due_unseen_surprise,
          okawaru_trees_2, uniq_crazy_yiuf_cottage, uniq_menkaure
D:10:     lair_0_dummy, serial_shops, nicolae_shop_stone
D:11:     serial_shops, shop, hangedman_tell_no_tales,
          hangedman_abyss_or_decor_slice, minivault_8
D:12:     david_orc_2, uniq_nergalle
D:13:     abandoned_shop
D:14:     david_vaults_1, grunt_decor_mini_mirrors
D:15:     grunt_enter_depths_giant_problem, grunt_decor_resistance, minivault_11
Temple:   oiseaux_autumnal_temple_12
Lair:1:   minmay_lair_oklob_chamber, roderic_batcave
Lair:3:   grunt_forest_large_clearings, infiniplex_staircase_pool, uniq_urug
Lair:4:   lab_entry_generic, ice2_lemuel, serial_bayou_shore_b,
          grunt_megastairs_1, uniq_sonja
Lair:5:   beast_lair_carwin_large_3, minmay_swamp_entry_worms,
          kennysheep_catoblepas_arena
Lair:6:   guppyfry_snake_entry_island, special_room, st_stairs_12
Lair:7:   beast_lair_carwin_large_2
Lair:8:   guppyfry_lair_end_dragon, hangedman_lair_caniforms_friends,
          minmay_slime_entry_pillars
Swamp:1:  hangedman_swamp_blocks, hangedman_swamp_ravenous
Swamp:2:  serial_swamp_ruin, evilmike_swamp_ruin_house_3,
          hangedman_swamp_ruin_wall, evilmike_swamp_ruin_house_1
Swamp:3:  evilmike_swamp_ruin_house_4, uniq_mara
Swamp:4:  swamp_alternative
Snake:2:  onia_ninara_swampy_vault, serial_shops, shop
Snake:4:  grunt_snake_rune_pools, nicolae_snake_serpentine_hallways,
          spider_trap, lightli_airlock, uniq_agnes
Slime:2:  cheibrodos_slime_lost_civilization_4
Slime:3:  nicolae_slime_round_cave
Orc:1:    basic_altar
Orc:2:    serial_shops, shop, shop, shop
Orc:3:    nicolae_orc_pool_cavern, uniq_harold
Orc:4:    pf_orc_diabolical, serial_shops, shop, basic_altar
Elf:1:    minmay_elf_arrival_circle, hangedman_elf_disciples,
          grunt_ministairs_11
Elf:3:    elf_hall, basic_altar
Vaults:1: v_misc_2, nicolae_vaults_mini_display_case,
          vaults_room_stairs_pillars, metal_show, v_misc_16,
          nicolae_vaults_three_branches, v_misc_3, vaults_room_pools,
          serial_shops, nicolae_shop_behind_doors
Vaults:2: ontoclasm_vaults_decontamination, nicolae_vaults_little_squares_6,
          hangedman_vaults_variations, vaults_standard_mumra_enter_the_diamond,
          nicolae_vaults_hallways_thing, v_rooms_4, hangedman_vaults_river_flow,
          nicolae_vaults_circle_grid_b, nicolae_vaults_circle_grid_b,
          ontoclasm_vaults_hangar, vaults_room_pools, vaults_room_pool,
          serial_shops, shop
Vaults:3: v_misc_24, v_misc_14, vaults_mumra_minichess_inversion,
          vaults_room_grunt_arrival_checkpoint, vaults_room_pools,
          ontoclasm_vaults_idyll, v_misc_28, v_misc_27,
          dpeg_vaults_pockets_of_resistance, nicolae_vaults_big_ls, v_misc_2,
          ontoclasm_vaults_ring_small, uniq_sojobo
Vaults:4: vaults_room_fours, ontoclasm_vaults_eye, v_misc_12,
          nicolae_vaults_stairing_the_circle, vaults_room_guarded_vault,
          hangedman_vaults_corner_blocks, ontoclasm_vaults_ligature,
          hangedman_vaults_impose, v_alt_pattern_6, vaults_room_grid,
          vaults_mumra_lcd, v_misc_22, mu_enter_wizlab_5
Crypt:1:  basic_altar, grunt_crypt_arrival_guarded_gate
Crypt:2:  minmay_misc_feat_ornament, uniq_frederick
Crypt:3:  grunt_crypt_end_deaths_head
Depths:1: minmay_misc_feat_nine_boxes, grunt_hell_entry_dis_grunt, abyss_entry,
          serial_aquarium, aquarium_bridge_island_small, aquarium_window_fake,
          aquarium_window_corridor_1, aquarium_window_1, aquarium_view_2f,
          aquarium_view_2f, aquarium_balcony_1b, dk_noncrumbling_3,
          minmay_guarded_unrand_flaming_death
Depths:2: minmay_nine_rooms, minmay_misc_feat_encased, hell_entry, pan_entry,
          abyss_entry, infiniplex_staircase_trident, serial_bayou_shore_b,
          grunt_megastairs_3
Depths:3: evilmike_wizard_prison, rand_demon_pan_entry_5, minivault_14,
          hell_entry, minmay_staircase_statues_hall_large
Depths:4: mu_elemental_laboratory, abyss_entry_flame_altar, minmay_crystal_room,
          serial_shops, nicolae_shop_competitors_out_of_business, shop, shop,
          lightli_too_deep, st_stairs_12, lightli_gold_pyramid
Depths:5: grunt_zot_entry_tricorne, enter_ziggurat_a, pf_dread_powers_of_hell,
          minmay_misc_feat_tower, kennysheep_random_hallway, uniq_jorgrun,
          uniq_margery
Zot:2:    hangedman_orp_of_zott
Zot:3:    evilmike_ambush
Zot:4:    lemuel_halls_of_wrath, hangedman_zot_wheel_spokes
Abyss:1:  hangedman_abyss_or_decor_clamps
Pan:      nicolae_pan_glass_arcs, reaverb_pan_chaos_star, evilmike_holy_pan,
          lemuel_draining_boxes, evilmike_mini_pan_possible_glass,
          nicolae_pan_gloorx_vloqian_3, rand_demon_1, enter_ziggurat_pan_c,
          pan_blood_fountain, nicolae_pan_diamonds, evilmike_mini_pan_doors_b,
          pan_blood_fountain, nicolae_pan_gloorx_vloqian_4,
          evilmike_mini_pan_doors_b, nicolae_pan_mnolegish_3,
          nicolae_pan_double_arrow, uniq_mennas_pan, rand_demon_5,
          lemuel_hall_of_pain, evilmike_gloorx_vloq_box, rand_demon_7,
          nicolae_pan_sigil_itan, nicolae_pan_cerebovesque_2,
          grunt_pan_frozen_over, enter_ziggurat_pan_b, rand_demon_6,
          pan_surprise, evilmike_mini_pan_doors, pan_blood_fountain_2,
          nicolae_pan_sigil_nadil, nicolae_pan_mnolegish_2, rand_demon_8,
          evilmike_mini_pan_thingy, pan_blood_fountain_small,
          pan_blood_fountain_2, nicolae_pan_gloorx_vloqian_4,
          evilmike_mini_pan_doors_b, nicolae_pan_sick_transit,
          evilmike_mini_pan_thingy, cerebov_st, nicolae_pan_door_chamber,
          pan_blood_fountain, grunt_pan_zigzag, pan_blood_fountain_small,
          enter_ziggurat_pan_d, nicolae_pan_glass_arcs, nicolae_pan_mnolegish_2,
          evilmike_mini_pan_doors, evilmike_mini_pan_3x3,
          evilmike_mini_pan_thingy, pan_blood_fountain_small,
          nicolae_pan_glass_arcs, nicolae_pan_sick_transit,
          nicolae_pan_strange_glyphs, rand_demon_6,
          evilmike_mini_pan_murderfest, pan_blood_fountain,
          evilmike_mini_pan_possible_glass, evilmike_mini_pan_3x3,
          pan_blood_fountain_2, pan_blood_fountain, rand_demon_6,
          pan_blood_fountain_small, nicolae_pan_cerebovesque_3,
          evilmike_mini_pan_other_thingy, nicolae_pan_gloorx_vloqian_3,
          evilmike_mini_pan_corridor, rand_demon_3, rand_demon_8,
          evilmike_mini_pan_doors_b, nicolae_pan_cerebovesque_1,
          reaverb_pan_figure_eight, evilmike_mini_pan_doors,
          enter_ziggurat_pan_d, nicolae_pan_cerebovesque_2, rand_demon_7,
          enter_ziggurat_pan_b, lemuel_hellion_island, nicolae_pan_sigil_uleosi,
          rand_demon_8, nicolae_pan_sigil_nadil, evilmike_mini_pan_other_thingy,
          evilmike_mini_pan_3x3, evilmike_mini_pan_branches,
          nicolae_pan_lom_lobonic_2, nicolae_pan_sigil_nadil
Lab:      labyrinth_watery, lab_statue, labyrinth_skeletal_remains,
          nicolae_lab_arrow, nicolae_lab_very_dead_end, lab_hedge,
          nicolae_lab_grate, nicolae_lab_grate_2, labyrinth_lava_lair
WizLab:   wizlab_demon

Action                   |  1- 3 |  4- 6 |  7- 9 | 10-12 | 13-15 | 16-18 | 19-21 | 22-24 | 25-27 || total
-------------------------+-------+-------+-------+-------+-------+-------+-------+-------+-------++-------
Melee: War axe           |    90 |   117 |   367 |   570 |       |       |       |       |       ||  1144
       Broad axe         |       |       |       |   391 |  1546 |  1871 |  2225 |  1900 |  6627 || 14560
Invok: Heroism           |       |       |     2 |     4 |     4 |     2 |     4 |     6 |     5 ||    27
       Summon Divine War |       |       |       |       |       |       |       |       |     2 ||     2
       Brand Weapon With |       |       |       |       |       |       |       |       |     1 ||     1
       Finesse           |       |       |       |       |       |       |       |       |     1 ||     1
 Abil: Evoke Flight      |       |       |       |       |       |       |     3 |       |     3 ||     6
Evoke: Wand              |       |       |     1 |     1 |     4 |     1 |       |       |    12 ||    19
       Rod               |       |       |       |       |       |       |     1 |       |       ||     1
  Use: Potion            |       |     1 |     1 |       |     1 |    13 |     2 |       |    13 ||    31
       Scroll            |       |    10 |     9 |     8 |     9 |     6 |     5 |    17 |    39 ||   103
 Stab: Distracted        |       |       |       |     1 |       |     1 |     2 |       |     1 ||     5
       Paralysed         |       |       |       |       |     1 |       |       |       |       ||     1
       Confused          |       |       |       |       |       |     4 |       |       |     6 ||    10
  Eat: Chunk             |     2 |     4 |     8 |    10 |     7 |     2 |     5 |     5 |     9 ||    52
       Fruit             |       |       |     7 |     9 |     9 |    28 |    10 |     1 |    26 ||    90
       Pizza             |       |       |     2 |       |     1 |     1 |     3 |       |     7 ||    14
       Beef jerky        |       |       |     1 |       |    11 |    11 |     2 |     5 |     6 ||    36
       Royal jelly       |       |       |       |     6 |     1 |       |       |     1 |       ||     8
       Bread ration      |       |       |       |       |       |       |     3 |     2 |     8 ||    13
       Meat ration       |       |       |       |       |       |       |     1 |     3 |    10 ||    14
